 Dungeon Crawl Stone Soup version 0.20-a0-1122-gb7cbeb9 (webtiles) character file.

165 Chaoticas the Grave Robber (level 5, -2/28 HPs)
             Began as a Deep Elf Necromancer on May 14, 2017.
             Killed from afar by an orc wizard (3 damage)
             ... with a magic dart
             ... on level 3 of the Dungeon.
             The game lasted 00:09:24 (3556 turns).

Chaoticas the Grave Robber (Deep Elf Necromancer)   Turns: 3556, Time: 00:09:24

Health: -2/28      AC:  3    Str:  5    XL:     5   Next: 21%
Magic:  5/13       EV: 13    Int: 21    God:
Gold:   80         SH:  0    Dex: 15    Spells: 2/13 levels left

rFire    . . .     SeeInvis .   l - +0 rapier
rCold    . . .     Gourm    .   (no shield)
rNeg     . . .     Faith    .   k - +0 leather armour
rPois    .         Spirit   .   (no helmet)
rElec    .         Reflect  .   (no cloak)
rCorr    .         Harm     .   (no gloves)
MR       .....                  (no boots)
Stlth    ++........             (no amulet)
Regen    0.1/turn               (no ring)
MPRegen  0.2/turn               (no ring)

@: lethally poisoned (-2 -> -9)
A: no striking features
a: no special abilities


You were on level 3 of the Dungeon.
You were not hungry.

You visited 1 branch of the dungeon, and saw 3 of its levels.

You collected 80 gold pieces.

Inventory:

Hand Weapons
 l - a +0 rapier (weapon)
   (You found it on level 3 of the Dungeon)
Armour
 a - a +0 robe
 e - a cursed +0 ring mail
   (You found it on level 1 of the Dungeon)
 k - a +0 leather armour (worn)
   (You found it on level 2 of the Dungeon)
Jewellery
 i - an uncursed ring of stealth {unknown}
   (You found it on level 1 of the Dungeon)
Scrolls
 d - a scroll of recharging {unknown}
 h - a scroll of amnesia {unknown}
 m - 3 scrolls of immolation {unknown}
 n - a scroll of identify {unknown}
 p - 2 scrolls of teleportation {unknown}
 q - a scroll of enchant armour {unknown}
 t - a scroll of blinking {unknown}
Potions
 g - 3 potions of curing {unknown}
 j - a potion of brilliance {unknown}
 r - a potion of heal wounds {unknown}
 s - a potion of resistance {unknown}
Books
 b - a book of Necromancy

   Spells                             Type                      Level
   a - Pain                           Necromancy                   1
   b - Animate Skeleton               Necromancy                   1
   c - Vampiric Draining              Necromancy                   3
   d - Regeneration                   Charms/Necromancy            3
   e - Animate Dead                   Necromancy                   4
   f - Control Undead                 Necromancy                   4
Comestibles
 c - 2 bread rations
 o - 2 meat rations


   Skills:
 + Level 3.6 Dodging
 - Level 2.4 Stealth
 + Level 4.5 Spellcasting
 * Level 6.6 Necromancy


You had 2 spell levels left.
You knew the following spells:

 Your Spells              Type           Power        Failure   Level  Hunger
a - Pain                  Necr           ####         1%          1    None
b - Vampiric Draining     Necr           ####......   3%          3    ##.....
c - Regeneration          Chrm/Necr      ###.......   14%         3    ##.....
d - Animate Dead          Necr           N/A          12%         4    ####...


Dungeon Overview and Level Annotations

Branches:
Dungeon (3/15)

Altars:
Ru

Annotations:
D:3 Sigmund


Message History

Aim: an orc wizard, wielding a dagger of venom and wearing a robe (chance to defeat MR: 84%)
The orc wizard writhes in agony!
Casting: Pain
Confirm with . or Enter, or press ? or * to list all spells.
Aiming: Pain
Press: ? - help, Shift-Dir - straight line, f/p - orc wizard
Aim: an orc wizard, wielding a dagger of venom and wearing a robe (lightly wounded, chance to defeat MR: 84%)
The orc wizard writhes in agony!
Casting: Pain
Confirm with . or Enter, or press ? or * to list all spells.
Aiming: Pain
Press: ? - help, Shift-Dir - straight line, f/p - orc wizard
Aim: an orc wizard, wielding a dagger of venom and wearing a robe (lightly wounded, chance to defeat MR: 84%)
The orc wizard writhes in agony!
* * * LOW MAGIC WARNING * * *
The orc wizard gestures wildly while chanting.
The orc wizard seems to speed up.
The orc misses you. The orc wizard misses you.
Casting: Pain
Confirm with . or Enter, or press ? or * to list all spells.
Aiming: Pain
Press: ? - help, Shift-Dir - straight line, f/p - orc wizard
Aim: an orc wizard, wielding a dagger of venom and wearing a robe (severely wounded, fast, chance to defeat MR: 84%)
The orc wizard writhes in agony!
* * * LOW MAGIC WARNING * * *
The orc wizard hits you with a dagger of venom.
* * * LOW HITPOINT WARNING * * *
You are lethally poisoned!
The orc wizard hits you with a dagger of venom.
* * * LOW HITPOINT WARNING * * *
* * * LOW HITPOINT WARNING * * *
You feel sick.
* * * LOW HITPOINT WARNING * * *
You feel sick.
The orc wizard points at you and mumbles some strange words.
You resist with some effort.
* * * LOW HITPOINT WARNING * * *
You feel sick.
* * * LOW HITPOINT WARNING * * *
You feel sick.
The orc wizard casts a spell.
The orc wizard blinks!
* * * LOW HITPOINT WARNING * * *
You feel sick.
* * * LOW HITPOINT WARNING * * *
You feel sick. The orc hits you but does no damage.
The orc wizard gestures at you while chanting.
The magic dart hits you!
You die...

.# #....#..............#
.# #....#....#..<......#
.#####....#....#.#.#####..
.#........+....+.....
.#........#....##..### .
........###....##..###..
).......###....##.......
...####........##.......
...# #....####.@.>.....
...####.....o..o.#......
##..........)..o.#####..
..................# ...
..................# ...
..................# ..#
..###(..####....###...##
.. #...# #....###..... ..
...... ####.#.......


You could see an orc wizard and 2 orcs.

Vanquished Creatures
  A worker ant (D:2)
  An orc wizard (D:2)
  5 adders
  An ooze (D:3)
  A worm (D:2)
  3 dart slugs
  3 orcs (D:3)
  A ball python (D:2)
  7 bats
  A giant cockroach (D:2)
  5 goblins
  4 hobgoblins
  3 jackals (D:2)
  10 kobolds
  9 frilled lizards
  6 rats
61 creatures vanquished.

Notes
Turn   | Place    | Note
-------+----------+-------------------------------------------
     0 | D:1      | Chaoticas the Deep Elf Necromancer began the quest for the Orb.
     0 | D:1      | Reached XP level 1. HP: 10/10 MP: 6/6
   164 | D:1      | Reached skill level 5 in Necromancy
   398 | D:1      | Reached XP level 2. HP: 8/15 MP: 4/8
  1306 | D:2      | Found a sacrificial altar of Ru.
  1336 | D:2      | Reached skill level 3 in Dodging
  1336 | D:2      | Reached XP level 3. HP: 8/19 MP: 0/10
  1547 | D:2      | Learned a level 3 spell: Vampiric Draining
  1551 | D:2      | Learned a level 3 spell: Regeneration
  1992 | D:2      | Reached skill level 6 in Necromancy
  1992 | D:2      | Reached XP level 4. HP: 15/24 MP: 4/11
  2306 | D:2      | Reached skill level 4 in Spellcasting
  2312 | D:2      | HP: 12/24 [poisoned by an adder]
  2320 | D:2      | HP: 11/24 [poisoned by an adder]
  2740 | D:2      | HP: 11/24 [worker ant (2)]
  2745 | D:2      | HP: 6/24 [poisoned by a worker ant]
  2751 | D:2      | HP: 4/24 [poisoned by a worker ant]
  2759 | D:2      | HP: 3/24 [poisoned by a worker ant]
  3133 | D:3      | Learned a level 4 spell: Animate Dead
  3146 | D:3      | Reached XP level 5. HP: 23/28 MP: 9/13
  3280 | D:3      | Noticed Sigmund
  3330 | D:3      | HP: 12/28 [poisoned by an adder]
  3338 | D:3      | HP: 11/28 [poisoned by an adder]
  3549 | D:3      | HP: 10/28 [orc wizard/dagger of venom (2)]
  3552 | D:3      | HP: 4/28 [poisoned by an orc wizard]
  3555 | D:3      | HP: 1/28 [poisoned by an orc wizard]
  3556 | D:3      | Killed from afar by an orc wizard

Vault maps used:
D:1:      minmay_arrival_glassed_features
D:2:      nicolae_ru_great_annihilating_truth
D:3:      portal_sewer_entry_e, first_bread, uniq_sigmund

Skill      XL: |  1  2  3  4 |
---------------+-------------+-----
Necromancy     | 5 6 |  6.6
Dodging        | 3 |  3.6
Spellcasting   | 4 |  4.5
Stealth        | |  2.4

Action                   |  1- 3 |  4- 6 || total
-------------------------+-------+-------++-------
Melee: Hand axe          |     2 |       ||     2
       Rapier            |       |     3 ||     3
 Cast: Pain              |    56 |    63 ||   119
  Eat: Chunk             |     3 |     5 ||     8
Armor: Robe              |     2 |       ||     2
       Leather armour    |       |     6 ||     6
Dodge: Dodged            |    21 |    22 ||    43
